 Dungeon Crawl Stone Soup version 0.31-a0-1499-ge0622b2318 (webtiles) character file.

Game seed: 6592077608560869051

431 Persephone the Cudgeller (level 6, -3/50 HPs)
             Began as an Armataur Fighter on Dec 29, 2023.
             Slain by an iguana (6 damage)
             ... on level 4 of the Dungeon.
             The game lasted 00:03:03 (2673 turns).

Persephone the Cudgeller (Armataur Fighter)         Turns: 2673, Time: 00:03:03

Health: -3/50      AC: 12    Str: 23    XL:     6   Next: 66%
Magic:  6/6        EV:  4    Int:  9    God:
Gold:   164        SH:  4    Dex:  9    Spells: 5/5 levels left

rFire   . . .        a - +0 flail
rCold   . . .        c - +0 buckler
rNeg    . . .        o - +0 chain mail
rPois   .            (no helmet)
rElec   .            (no cloak)
rCorr   +            (no gloves)
SInv    .            e - +0 barding
Will    .....        (no amulet) Stlth
                     p - ring of resist corrosion
HPRegen 0.28/turn    (no ring)
MPRegen 1.09/turn

%: roll
@: mighty
A: large, deformed body, tough skin 3, armoured tail, roll 1
a: no special abilities


You were on level 4 of the Dungeon.
You visited 1 branch of the dungeon, and saw 4 of its levels.

You collected 164 gold pieces.

Inventory:

Hand Weapons
 a - a +0 flail (weapon)
Missiles
 q - 2 javelins
Armour
 b - a +0 scale mail
 c - a +0 buckler (worn)
 e - a +0 barding (worn)
 o - a +0 chain mail (worn)
Jewellery
 j - a ring of wizardry
 p - a ring of resist corrosion (left hand)
Scrolls
 f - a scroll of fog {unknown}
 g - a scroll of amnesia {unknown}
 i - a scroll of revelation {unknown}
 l - 4 scrolls of identify {unknown}
 n - 2 scrolls of teleportation {unknown}
 r - a scroll of butterflies {unknown}
 t - a scroll of immolation {unknown}
Potions
 d - a potion of might
 h - 2 potions of haste {unknown}
 k - 2 potions of curing {unknown}
 m - a potion of cancellation {unknown}
 s - a potion of attraction {unknown}


   Skills:
 - Level 2.6 Fighting
 + Level 6.6 Maces & Flails
 - Level 3.6 Armour
 - Level 3.2 Shields


You had 5 spell levels left.
You didn't know any spells.
Your spell library contained the following spells:

 Spells                   Type           Power      Damage    Failure   Level
 Magic Dart               Conj           0%         1d3       96%         1
 Blink                    Tloc           0%         N/A       99%         2
 Call Imp                 Summ           0%         N/A       99%         2
 Hailstorm                Conj/Ice       0%         3d5       100%        3
 Summon Ice Beast         Ice/Summ       0%         N/A       100%        3
 Sculpt Simulacrum        Ice/Alch       0%         N/A       100%        6


Dungeon Overview and Level Annotations

Branches:
Dungeon (4/15)
 Temple: D:4-7

Altars:

Annotations:
D:3 3 runed translucent doors, justen's ghost, amateur HOFi


Innate Abilities, Weirdness & Mutations

Armour fits poorly on your strangely shaped body.
You have extremely tough skin. (AC +3)
You have a long armoured tail.
You regenerate magic when rolling toward enemies. (Rampage MPRegen)


Message History

You roll towards Grinder!
You hit Grinder.
Grinder is lightly wounded.
Grinder hits you.
You closely miss Grinder.
Grinder is lightly wounded.
Grinder hits you but does no damage.
The iguana bites you but does no damage.
You closely miss Grinder.
Grinder is lightly wounded.
Grinder hits you.
You writhe in agony.
You block the iguana's attack. x2
Grinder hits you but does no damage.
You closely miss Grinder.
Grinder is lightly wounded.
You block the iguana's attack. Grinder hits you.
You writhe in agony.
You hit Grinder.
Grinder is lightly wounded.
The iguana bites you but does no damage.
Grinder hits you.
You hit Grinder. You tail-slap Grinder.
Grinder is moderately wounded.
Grinder hits you but does no damage. The iguana bites you!
* * * LOW HITPOINT WARNING * * *
You sock Grinder!
Grinder is heavily wounded.
The iguana bites you but does no damage.
Grinder hits you but does no damage.
You feel very mighty all of a sudden.
The iguana bites you but does no damage.
Grinder barely misses you.
You bludgeon Grinder!!
You kill Grinder!
You block the iguana's attack. The iguana bites you!
* * * LOW HITPOINT WARNING * * *
Your Maces & Flails skill increases to level 6!
You have reached level 6!
You sock the iguana!
The iguana is almost dead.
The iguana bites you.
You die...

#..<......
#.#.###.........
.####.#.............
..>...######........
...............>....
#.........#..^.....
#.........##.#.####
#....l....# .#.#
+?....@...# .# #
#....$....# .#
#........?# .#
#..$......#
###+#######


You could see an iguana.

Vanquished Creatures
  Grinder (D:4)
  An ogre (D:4)
  A bombardier beetle (D:3)
  3 adders
  3 ribbon worms
  2 dart slugs (D:2)
  An orc (D:4)
  5 endoplasms
  A giant cockroach (D:3)
  6 hobgoblins
  4 jackals (D:3)
  5 kobolds
  3 quokkas
  8 ball pythons
  5 bats
  3 frilled lizards
  7 goblins
  9 rats
68 creatures vanquished.

Notes
Turn   | Place    | Note
-------+----------+-------------------------------------------
     0 | D:1      | Persephone the Armataur Fighter began the quest for the
                  | Orb.
     0 | D:1      | Reached XP level 1. HP: 18/18 MP: 1/1
   103 | D:1      | Reached skill level 2 in Maces & Flails
   204 | D:1      | Reached XP level 2. HP: 20/25 MP: 2/2
   360 | D:1      | Found a faded altar of an unknown god.
   447 | D:1      | You fall into a shaft and drop 1 floor!
   506 | D:2      | Reached skill level 3 in Maces & Flails
   506 | D:2      | Reached XP level 3. HP: 30/30 MP: 3/3
  1420 | D:1      | Reached XP level 4. HP: 37/37 MP: 4/4
  1498 | D:1      | Reached skill level 4 in Maces & Flails
  2097 | D:3      | Reached XP level 5. HP: 40/42 MP: 5/5
  2248 | D:3      | Noticed justen's ghost (amateur HOFi)
  2259 | D:3      | Found a runed translucent gate.
  2259 | D:3      | Found a runed translucent gate.
  2259 | D:3      | Found a runed translucent gate.
  2613 | D:4      | Noticed an ogre
  2626 | D:4      | Killed an ogre
  2627 | D:4      | Reached skill level 5 in Maces & Flails
  2661 | D:4      | Noticed Grinder
  2672 | D:4      | Killed Grinder
  2672 | D:4      | HP: 2/42 [iguana (11)]
  2673 | D:4      | Reached skill level 6 in Maces & Flails
  2673 | D:4      | Reached XP level 6. HP: 2/50 MP: 6/6
  2673 | D:4      | Slain by an iguana

Illustrated notes

Levels and vault maps discovered:
D:1:      dpeg_arrival_pond, layout_loops_ring,
          hellmonk_ecumenical_altar_heavens_door, minivault_14,
          kennysheep_decorative_pillar, serial_bayou_pond_e,
          serial_bayou_lagoon_a, minmay_misc_feat_room, minmay_tromino_v4_a
D:2:      layout_basic, minmay_quantized
D:3:      layout_basic, gammafunk_ghost_split
D:4:      layout_basic, uniq_grinder

Skill      XL: |  1  2  3  4  5 |
---------------+----------------+-----
Maces & Flails | 2 3 4 6 |  6.6
Fighting       | |  2.6
Armour         | |  3.6
Shields        | |  3.2

Action                     |  1- 3 |  4- 6 || total
---------------------------+-------+-------++-------
  Melee: Flail             |   115 |    99 ||   214
         Tailslap          |    10 |     8 ||    18
  Throw: Javelin           |     2 |     7 ||     9
    Use: Potion            |       |     1 ||     1
 Armour: Scale mail        |    98 |     6 ||   104
         Chain mail        |       |   140 ||   140
  Dodge: Dodged            |    27 |    30 ||    57
  Block: Buckler           |    19 |    33 ||    52

Table legend: (Time is in decaauts)
 A = Elapsed time spent in this place.
 B = Non-inter-level travel time spent in this place.
 C = Inter-level travel time spent in this place.
 D = Time resting spent in this place.
 E = Time spent auto-exploring this place.
 F = Levels seen in this place.
 G = Mean time per level.
                   A        B        C        D        E       F      G
               +--------+--------+--------+--------+--------+-----+--------+
         Total |   2730 |   2475 |    255 |      0 |   1981 |   4 |  682.5 |
       Dungeon |   2730 |   2475 |    255 |      0 |   1981 |   4 |  682.5 |
               +--------+--------+--------+--------+--------+-----+--------+

Top non-repeatable levels by time:
     D:3: 921 daAuts
     D:2: 907 daAuts
     D:1: 827 daAuts
     D:4: 73 daAuts
